 Dungeon Crawl Stone Soup version 0.30.1-11-g7821555f0a (webtiles) character file.

Game seed: 10545450145182289306

2013 Kallu the Jinx (level 9, -1/56 HPs)
             Began as a Vampire Enchanter on Jan 1, 2024.
             Was a Believer of Uskayaw.
             Slain by a gnoll bouda
             ... wielding a +0 spear
              (7 damage)
             ... in a bailey.
             The game lasted 00:19:18 (6358 turns).

Kallu the Jinx (Vampire Enchanter)                  Turns: 6358, Time: 00:19:18

Health: -1/56      AC:  6    Str:  7    XL:     9   Next: 2%
Magic:  12/15      EV: 14    Int: 21    God:    Uskayaw [**....]
Gold:   335        SH:  0    Dex: 21    Spells: 10/16 levels left

rFire   . . .        a - +0 dagger (elec)
rCold   + + +        (no shield)
rNeg    + + +        z - +0 leather armour "Hudder Ubapp" {Fly rC+ rN+}
rPois   ∞            x - +2 hat
rElec   .            B - +0 cloak
rCorr   .            (no gloves)
SInv    +            (no boots)
Will    .....        t - amulet of regeneration
Stlth   +++++        d - +6 ring of dexterity
HPRegen 0.00/turn    (no ring)
MPRegen 0.14/turn

%: no passive effects
@: weakened, flying, bloodless, inhibited regen
A: bloodless, fangs 3, see invisible, vampiric 2
a: Bat Form, Revivify, Renounce Religion, Stomp, Line Pass


You were in a bailey.
You worshipped Uskayaw.
Uskayaw was noncommittal.
You visited 2 branches of the dungeon, and saw 8 of its levels.
You also visited: Bailey.

You collected 335 gold pieces.

Inventory:

Hand Weapons
 a - a +0 dagger of electrocution (weapon)
 C - a +0 falchion
Missiles
 w - 11 poisoned darts (quivered)
 G - 3 throwing nets
Armour
 x - a +2 hat (worn)
 z - the +0 leather armour "Hudder Ubapp" (worn) {Fly rC+ rN+}
   (You found it on level 5 of the Dungeon)

   rC:        It protects you from cold.
   rN:        It protects you from negative energy.
   Fly:       It grants you flight.
 B - a +0 cloak (worn)
Magical Staves
 f - a staff of cold
 v - the staff of cold "Natwig" {rPois rF+ rC+ rN+++ Str-4}
   (You found it on level 5 of the Dungeon)

   [staff of cold]

   Base accuracy: +5 Base damage: 5 Base attack delay: 1.2 This weapon's minimum
   attack delay (0.6) is reached at skill level 12.
   Str:       It affects your strength (-4).
   rF:        It protects you from fire.
   rC:        It protects you from cold.
   rPois:     It protects you from poison.
   rN:        It renders you almost immune to negative energy.
   It falls into the 'Staves' category.
   It is a one-handed weapon.
Jewellery
 d - a +6 ring of dexterity (left hand)
 t - an amulet of regeneration (around neck)
Wands
 h - a wand of paralysis (9)
 y - a wand of mindburst (10)
Scrolls
 b - a scroll of noise {unknown}
 g - 4 scrolls of identify {unknown}
 j - 6 scrolls of enchant armour {unknown}
 o - a scroll of silence {unknown}
 p - 4 scrolls of fog {unknown}
 r - a scroll of torment {unknown}
 A - a scroll of blinking {unknown}
 E - a scroll of magic mapping {unknown}
Potions
 c - a potion of invisibility
 e - 2 potions of brilliance {unknown}
 i - a potion of might {unknown}
 k - 2 potions of haste {unknown}
 l - 2 potions of degeneration {unknown}
 m - 2 potions of magic {unknown}
 n - a potion of mutation {unknown}
 q - a potion of resistance {unknown}
 s - 2 potions of curing
 u - a potion of cancellation {unknown}
 D - a potion of flight {unknown}
 F - a potion of berserk rage {unknown}


   Skills:
 + Level 6.4 Fighting
 - Level 4.0 Short Blades
 - Level 2.0 Armour
 + Level 4.7 Dodging
 + Level 5.7 Stealth
 - Level 4.0 Spellcasting
 - Level 8.0 Hexes
 - Level 2.0 Necromancy
 - Level 2.0 Ice Magic


You had 10 spell levels left.
You knew the following spells:

 Your Spells              Type           Power      Damage    Failure   Level
a - Slow                  Hex            100%       N/A       1%          1
b - Ensorcelled Hibernat  Hex/Ice        50%        N/A       3%          2
c - Confusing Touch       Hex            37%        N/A       1%          3

Your spell library contained the following spells:

 Spells                   Type           Power      Damage    Failure   Level
 Tukima's Dance           Hex            37%        N/A       1%          3
 Necrotise                Necr           48%        1d6       8%          1
 Dazzling Flash           Conj/Hex       42%        N/A       10%         3
 Apportation              Tloc           8%         N/A       17%         1
 Summon Small Mammal      Summ           16%        N/A       17%         1
 Vampiric Draining        Necr           12%        2d6       22%         3
 Lesser Beckoning         Tloc           8%         N/A       26%         2
 Gell's Gravitas          Tloc           4%         N/A       45%         3
 Teleport Other           Tloc           4%         N/A       45%         3
 Volatile Blastmotes      Fire/Tloc      8%         2d10      45%         3
 Iskenderun's Mystic Bla  Conj/Tloc      4%         2d3       86%         4
 Starburst                Conj/Fire      2%         6d3       100%        6


Dungeon Overview and Level Annotations

Branches:
Dungeon (7/15)             Temple (1/1) D:5          Bailey (1/1)

Altars:
Ashenzari
Dithmenos
Fedhas
Gozag
Hepliaklqana
Kikubaaqudgha
Makhleb
Okawaru
Qazlal
Ru
Sif Muna
Trog
Uskayaw
Vehumet

Annotations:
D:6 2 runed translucent doors, Xaerxx's ghost, novice DrMo


Innate Abilities, Weirdness & Mutations

You do not regenerate when monsters are visible.
You are frail without blood (-20% HP).
You can heal yourself when you bite living creatures.
You are immune to poison.
You have razor-sharp teeth.
You have supernaturally acute eyesight. (SInv)
You are afflicted with vampirism and can become a bat while bloodless.


Message History

The helpless gnoll fails to defend itself.
You hit the gnoll but do no damage.
The gnoll appears confused.
The gnoll bouda closely misses you. The gnoll hits you but does no damage.
The gnoll barely misses you.
The helpless gnoll fails to defend itself.
You bite the gnoll, and draw its blood!
You feel better.
You impale the gnoll!!
You kill the gnoll!
The gnoll bouda barks out a call to the hunt!
The gnolls pick up the pace!
The gnoll closely misses you.
The gnoll hits you from afar with a +0 spear.
The gnoll bouda hits you with a +0 spear.
You can now pass through a line of other dancers.
Casting: Confusing Touch (safe; 1% risk of failure)
Confirm with . or Enter, or press ? or * to list all spells.
Okay, then.
Okay, then.
The gnoll bouda attacks as you move away!
The gnoll bouda closely misses you. The gnoll bouda barely misses you.
The gnoll bouda hits you with a +0 spear!
* * * LOW HITPOINT WARNING * * *
Unknown command.
The gnoll bouda hits you with a +0 spear!
* * * LOW HITPOINT WARNING * * *
The gnoll hits you from afar with a +0 spear.
* * * LOW HITPOINT WARNING * * *
There is an open door here.
Okay, then.
Okay, then.
Unknown command.
Okay, then.
Okay, then.
You feel better. The gnoll bouda barely misses you.
The gnoll hits you but does no damage.
The gnoll hits you from afar with a +0 spear.
* * * LOW HITPOINT WARNING * * *
The gnoll bouda attacks as you move away!
The gnoll bouda hits you but does no damage.
The gnoll bouda hits you from afar with a +0 spear!
You die...

#..≈.♣ #..≈.♣♣ #..≈..♣♣ #####
#..≈...♣ ≈. ##...## #..≈...♣
≈..##+###..)..######..≈...♣♣
≈......#....)(g#...')......♣♣♣#
≈......'...8ggg'...').....∩..∩#
≈......#.......#@).'.......♣♣♣#
≈..##'###.....######..≈...♣♣ ≈.
#.. ##...## #..≈..♣♣ #. #####
#..≈..♣ #. #..≈..♣ # #..≈.♣♣
#..≈.♣


You could see 2 gnoll boudas and 2 gnolls.

Vanquished Creatures
  A hornet (D:5)
  2 ice beasts (D:6)
  A black bear (D:6)
  A sky beast (D:7)
  3 ogres
  An orc warrior (D:6)
  The ghost of Anaz the Gusty, an amateur DgAE (D:3)
  Blork the orc (D:6)
  A scorpion (D:3)
  A gnoll sergeant (Bailey)
  2 howler monkeys
  2 jellies (D:6)
  2 orc priests
  5 hounds
  3 iguanas
  2 orc wizards (D:6)
  11 gnolls
  11 adders
  2 shadow imps (D:6)
  3 white imps
  An ufetubus (D:6)
  4 worms (D:3)
  4 dart slugs
  19 orcs
  5 ball pythons
  10 endoplasms
  A giant cockroach (D:4)
  5 goblins
  3 hobgoblins
  2 quokkas (D:1)
  3 bats
  2 frilled lizards
  9 kobolds
  2 rats
126 creatures vanquished.

Notes
Turn   | Place    | Note
-------+----------+-------------------------------------------
     0 | D:1      | Kallu the Vampire Enchanter began the quest for the Orb.
     0 | D:1      | Reached XP level 1. HP: 13/13 MP: 3/3
   160 | D:1      | Learned a level 1 spell: Slow
   188 | D:1      | Reached XP level 2. HP: 14/16 MP: 5/5
   191 | D:1      | Learned a level 2 spell: Ensorcelled Hibernation
   492 | D:2      | Reached skill level 1 in Fighting
   492 | D:2      | Gained mutation: You are afflicted with vampirism and can
                  | become a bat while bloodless. [Vampire growth]
   492 | D:2      | Reached XP level 3. HP: 20/20 MP: 1/6
   704 | D:2      | Found a faded altar of an unknown god.
   781 | D:2      | Reached skill level 5 in Hexes
   906 | D:2      | Learned a level 3 spell: Confusing Touch
  1445 | D:3      | Reached XP level 4. HP: 25/25 MP: 7/7
  1625 | D:3      | Found a broken altar of Ashenzari.
  1800 | D:3      | Found a runed translucent door.
  1801 | D:3      | Noticed Anaz's ghost (amateur DgAE)
  2117 | D:3      | Found a runed translucent door.
  2318 | D:4      | Noticed a scorpion
  2561 | D:4      | Reached XP level 5. HP: 30/30 MP: 5/8
  2575 | D:3      | Reached skill level 6 in Hexes
  3021 | D:4      | Reached XP level 6. HP: 36/36 MP: 0/9
  3427 | D:5      | Entered Level 5 of the Dungeon
  3447 | D:5      | Identified the staff of cold "Natwig" {rPois rF+ rC+ rN+++
                  | Str-4}
  3447 | D:5      | Noticed a hornet
  3456 | D:5      | Reached skill level 1 in Necromancy
  3470 | D:5      | Killed a hornet
  3471 | D:5      | Reached skill level 1 in Ice Magic
  3471 | D:5      | Reached XP level 7. HP: 9/41 MP: 3/10
  3776 | D:5      | Reached skill level 7 in Hexes
  4282 | D:5      | Identified the +0 leather armour "Hudder Ubapp" {Fly rC+
                  | rN+}
  4337 | D:5      | Found a staircase to the Ecumenical Temple.
  4343 | Temple   | Entered the Ecumenical Temple
  4363 | Temple   | Became a worshipper of Uskayaw the Reveller
  4524 | D:6      | Reached * piety under Uskayaw
  4566 | D:6      | Reached ** piety under Uskayaw
  4629 | D:6      | Reached skill level 1 in Armour
  4882 | D:6      | Reached skill level 8 in Hexes
  4882 | D:6      | Reached XP level 8. HP: 48/48 MP: 11/13
  4926 | D:6      | Reached *** piety under Uskayaw
  4928 | D:6      | Reached **** piety under Uskayaw
  5001 | D:6      | Found a large runed translucent door.
  5001 | D:6      | Found a large runed translucent door.
  5002 | D:6      | Noticed Xaerxx's ghost (novice DrMo)
  5026 | D:6      | Noticed Blork the orc
  5041 | D:6      | Killed Blork the orc
  5286 | D:6      | Reached skill level 5 in Fighting
  5371 | D:6      | Found an iron altar of Okawaru.
  6075 | D:3      | Killed Anaz's ghost
  6155 | D:7      | Found a flagged portal.
  6167 | D:7      | Reached skill level 5 in Stealth
  6185 | Bailey   | Entered a bailey
  6226 | Bailey   | Reached XP level 9. HP: 30/56 MP: 0/15
  6358 | Bailey   | Slain by a gnoll bouda

Illustrated notes

Levels and vault maps discovered:
D:1:      wander_arrival_desolate, layout_rooms
D:2:      layout_basic, hellmonk_ecumenical_altar_crossroads
D:3:      layout_loops_ring, nicolae_ashenzari_skybound, ebering_ghost_sewer_f
D:4:      layout_rooms, reono_crystal_passage
D:5:      layout_loops_ring, minmay_temple_entry_enclosed_plants,
          kennysheep_generic_room_3
D:6:      layout_cave_pods, okawaru_metal_pillars_3,
          ebering_ghost_disaster_area, st_stairs_5, uniq_blork_the_orc
D:7:      layout_basic, enter_bailey_6
Temple:   hellmonk_temple_two_chambers
Bailey:   bailey_polearm_gnolls_kennysheep, bailey

Skill      XL: |  1  2  3  4  5  6  7  8 |
---------------+-------------------------+-----
Short Blades   | 2 3 4 |  4.0
Fighting       | 1 2 3 6 |  6.4
Hexes          | 5 6 8 |  8.0
Dodging        | 3 4 |  4.7
Necromancy     | 2 |  2.0
Ice Magic      | 1 2 |  2.0
Armour         | 1 2 |  2.0
Spellcasting   | 3 4 |  4.0
Stealth        | 5 |  5.7

Action                     |  1- 3 |  4- 6 |  7- 9 || total
---------------------------+-------+-------+-------++-------
  Melee: Dagger            |    58 |    68 |   125 ||   251
         Bite              |     2 |     4 |    14 ||    20
         Punch             |       |     1 |       ||     1
  Throw: Dart              |       |       |     2 ||     2
   Cast: Ensorcelled Hiber |    16 |    33 |    46 ||    95
         Confusing Touch   |     1 |     4 |    14 ||    19
 Invoke: Stomp             |       |       |     2 ||     2
         Line Pass         |       |       |     1 ||     1
Ability: Exsanguinate      |     1 |       |       ||     1
         End Transformatio |       |     1 |       ||     1
         Bat Form          |       |     1 |       ||     1
  Evoke: Wand              |       |     3 |     2 ||     5
    Use: Scroll            |       |     2 |       ||     2
         Potion            |       |     1 |     1 ||     2
   Stab: Sleeping          |    23 |    22 |    36 ||    81
         Invisible         |       |     3 |       ||     3
         Paralysed         |       |     3 |     6 ||     9
         Confused          |       |     1 |    11 ||    12
 Armour: Robe              |     5 |     9 |     1 ||    15
         Leather armour    |       |       |    35 ||    35
  Dodge: Dodged            |    31 |    44 |   110 ||   185
